Map: Dusk Towers

Players

blackxored - Winner!

  • Race: Zerg Zerg
  • League: Platinum

Snixi

  • Race: Terran Terran
  • League: Platinum

VOD

Have the link to the VOD?

Description

Time

  • Played on: June 29, 2016, 4:05 p.m.
  • Length: 15:21
Show
View Real Time Build Order
Export as new Build Order

blackxored Zerg - Winner!

Build Orders: Hatch First 

Get SALT Encoding   

  12  0:01  Drone  
  13  0:08  Drone  
  14  0:17  Overlord  
  14  0:23  Extractor, Drone  
  15  0:37  Drone x2  
  17  0:56  Hatchery  
  16  0:57  Drone  
  16  0:59  Drone  
  18  1:11  Extractor  
  18  1:15  Spawning Pool  
  18  1:17  Drone  
  17  1:21  Drone  
  18  1:30  Drone  
  19  1:39  Overlord  
  19  1:49  Drone  
  20  2:02  Queen  
  20  2:03  Zergling x2  
  20  2:08  Zergling x2, Queen  
  25  2:12  Zergling x2  
  25  2:15  Metabolic Boost  
  27  2:22  Drone x2  
  29  2:33  Drone x2  
  31  2:43  Hatchery  
  30  2:46  Overlord  
  30  2:52  Pneumatized Carapace  
  30  2:54  Drone  
  31  3:02  Drone x3  
  34  3:06  Overlord  
  34  3:14  Queen  
  36  3:20  Drone x2  
  37  3:37  Drone  
  37  3:38  Roach Warren, Drone  
  37  3:39  Drone x4  
  42  3:56  Queen  
  42  3:57  Queen  
  42  3:58  Queen  
  48  4:08  Drone, Spine Crawler  
  48  4:10  Zergling x2  
  48  4:11  Overlord  
  48  4:13  Overlord  
  49  4:30  Zergling x4  
  49  4:31  Zergling x12  
  54  4:32  Zergling x4  
  59  4:39  Queen  
  59  4:41  Queen  
  63  4:46  Queen  
  65  4:56  Spore Crawler  
  65  4:58  Drone  
  60  5:30  Zergling x12  
  65  5:49  Lair  
  64  5:50  Drone  
  64  5:52  Overlord x2  
  64  5:53  Overlord  
  64  6:07  Overlord x4  
  64  6:15  Drone x4  
  68  6:18  Drone x2  
  68  6:19  Extractor, Drone  
  68  6:20  Evolution Chamber  
  68  6:21  Drone, Evolution Chamber  
  68  6:22  Drone x7  
  68  6:23  Baneling Nest  
  75  6:28  Hatchery  
  74  6:40  Drone  
  74  6:41  Drone x5  
  74  6:42  Hatchery  
  74  6:43  Drone x2  
  81  6:48  Zerg Melee Weapons Level 1  
  81  6:51  Zerg Ground Armor Level 1  
  81  6:56  Zergling x8  
  85  7:02  Drone x2  
  85  7:03  Drone x2  
  85  7:05  Drone x2  
  85  7:07  Zergling x2  
  92  7:09  Baneling x4  
  92  7:10  Baneling  
  78  7:33  Drone x4  
  78  7:34  Spore Crawler, Drone x3  
  84  7:37  Baneling x2  
  84  7:38  Baneling x3  
  81  7:44  Drone x2  
  81  7:45  Extractor, Drone x4  
  81  7:46  Extractor  
  81  7:49  Drone  
  81  7:50  Spore Crawler  
  85  7:55  Zergling x8  
  85  7:56  Zergling x10  
  85  7:58  Baneling x4  
  94  8:04  Centrifical Hooks  
  94  8:17  Extractor, Spire  
  94  8:18  Drone  
  93  8:20  Drone  
  93  8:21  Drone x2  
  93  8:22  Extractor, Drone  
  93  8:23  Drone  
  93  8:26  Baneling x3  
  93  8:27  Baneling x2  
  97  8:36  Zergling x30  
  97  8:37  Zergling x2  
  112  8:41  Baneling x4  
  112  8:42  Baneling x2  
  112  8:51  Baneling x2  
  112  8:52  Zergling x6  
  112  8:53  Zergling x4  
  111  9:16  Zergling x2  
  113  9:17  Zergling x10  
  113  9:23  Overlord x8  
  113  9:24  Overlord x2  
  117  9:40  Queen, Baneling x7  
  119  9:48  Drone x13  
  111  10:03  Zergling x22  
  94  10:15  Zergling x2  
  94  10:16  Zergling x8  
  94  10:18  Zerg Melee Weapons Level 2, Queen, Zerg Ground Armor Level 2  
  87  10:24  Drone x4  
  87  10:27  Drone  
  87  10:28  Drone x2  
  81  10:30  Drone  
  81  10:31  Drone  
  84  10:42  Zergling x2  
  84  10:43  Zergling x16  
  84  10:45  Overseer  
  84  10:47  Overlord  
  91  10:53  Queen  
  91  10:56  Drone x3  
  95  10:58  Drone x2  
  95  10:59  Drone  
  95  11:00  Drone  
  95  11:01  Drone  
  95  11:02  Drone  
  101  11:12  Mutalisk x5  
  101  11:15  Mutalisk  
  101  11:17  Mutalisk  
  115  11:24  Extractor, Drone x3  
  117  11:26  Drone  
  117  11:28  Drone  
  117  11:30  Infestation Pit, Drone  
  117  11:31  Drone x4  
  123  11:33  Drone  
  123  11:35  Extractor  
  123  11:36  Drone x2  
  123  11:37  Extractor  
  123  11:38  Drone x2  
  126  11:46  Zergling x2  
  118  11:47  Zergling x10  
  119  11:57  Zergling x4  
  119  11:58  Zergling x6  
  124  12:06  Drone x4  
  128  12:10  Drone  
  128  12:11  Drone  
  128  12:14  Mutalisk x7  
  144  12:25  Zergling x6  
  144  12:26  Zergling x2  
  144  12:27  Hive  
  148  12:32  Baneling x4  
  148  12:33  Zergling x14, Baneling  
  155  12:41  Zerg Flyer Armor Level 1  
  155  12:45  Hatchery  
  150  12:53  Zergling x2  
  150  12:54  Zergling x22  
  157  13:04  Zergling x22  
  166  13:06  Baneling  
  166  13:07  Baneling x6  
  166  13:13  Zergling x4  
  166  13:14  Zergling x6  
  137  13:32  Zergling x2  
  137  13:33  Zergling x30  
  139  13:40  Zergling x2  
  139  13:48  Zergling x2  
  139  13:49  Zergling x12  
  146  13:55  Zergling x4  
  146  13:56  Zergling x2  
  146  14:02  Extractor  
  148  14:07  Extractor  
  148  14:08  Zergling x6  
  148  14:09  Zergling x12  
  150  14:18  Corruptor x2  
  150  14:19  Corruptor x3  
  159  14:34  Drone x5  
  164  14:39  Drone x5  
  164  14:40  Drone x2  
  171  14:49  Zergling x2  
  171  14:50  Zergling x6  
  171  14:51  Ultralisk Cavern  
  173  14:55  Baneling x7  
  173  14:56  Baneling x2  
  173  15:00  Overseer  
  173  15:01  Overseer  
Show
View Real Time Build Order
Export as new Build Order

Snixi Terran 

Build Orders: 1/1/1, MMM Bio 

Get SALT Encoding   

  12  0:03  SCV  
  13  0:15  SCV  
  14  0:24  Supply Depot  
  14  0:27  SCV  
  15  0:31  Refinery  
  15  0:45  SCV  
  15  0:47  Barracks  
  16  0:57  SCV  
  16  1:03  Barracks  
  17  1:09  SCV  
  18  1:18  Refinery  
  18  1:21  SCV  
  19  1:34  SCV  
  19  1:39  Factory  
  20  1:46  SCV  
  21  1:49  Barracks Tech Lab  
  21  1:58  Barracks Reactor, SCV  
  22  2:07  Marine  
  23  2:10  Orbital Command  
  23  2:23  Starport  
  23  2:26  Factory Tech Lab  
  23  2:34  Supply Depot  
  23  2:45  Marine x3, SCV  
  27  2:57  SCV  
  28  3:00  Siege Tank  
  31  3:07  Marine x3  
  31  3:11  Medivac  
  36  3:19  SCV  
  37  3:25  Marine x2  
  39  4:14  Liberator  
  39  4:22  Command Center  
  39  4:33  SCV  
  39  4:34  Engineering Bay  
  43  4:40  Siege Tank  
  46  4:47  Stimpack  
  46  4:53  Supply Depot  
  37  5:19  Liberator  
  37  5:21  SCV  
  37  5:22  Siege Tank  
  41  5:33  SCV  
  42  5:37  Marine x2  
  42  5:38  Marauder  
  49  5:47  SCV  
  49  5:48  Command Center, SCV  
  48  5:57  Marine x2  
  50  6:08  Missile Turret  
  50  6:13  Supply Depot  
  50  6:17  Barracks  
  50  6:23  Barracks  
  50  6:25  SCV  
  51  6:30  Starport Reactor  
  51  6:53  SCV x2  
  53  6:55  Marine  
  53  6:56  Marine, Marauder  
  53  6:57  Combat Shields  
  53  7:01  Terran Infantry Weapons Level 1  
  57  7:04  Barracks Reactor  
  57  7:05  SCV x2  
  59  7:34  SCV x2  
  61  7:38  Marine, SCV  
  61  7:39  Marine, Marauder  
  61  7:40  Barracks Reactor, Marine  
  61  7:41  Marine  
  68  7:52  Siege Tank  
  68  7:55  Medivac x2  
  68  7:56  Marine x2  
  77  8:02  Barracks  
  77  8:03  Barracks  
  77  8:06  Barracks  
  77  8:08  Factory, Orbital Command  
  77  8:15  SCV x2  
  79  8:20  Marine x3  
  79  8:21  Marauder  
  79  8:22  Marine x3  
  87  8:28  Armory  
  87  8:30  SCV  
  87  8:31  SCV  
  82  9:15  Marine, Siege Tank  
  82  9:16  Marine x3, Marauder  
  82  9:17  Marine  
  91  9:19  Barracks Reactor  
  91  9:20  Barracks Reactor, Barracks Tech Lab  
  92  9:31  Marine  
  92  9:33  Marine  
  92  9:36  Marine x2  
  92  9:38  Marauder  
  87  9:58  Marine x3  
  87  9:59  Marauder x2  
  91  10:00  Orbital Command  
  90  10:07  Marine x3  
  79  10:50  Supply Depot, Marine x3  
  79  10:51  Supply Depot, Siege Tank  
  79  10:52  Supply Depot, Terran Infantry Weapons Level 2  
  79  10:53  Supply Depot  
  85  11:01  Refinery  
  94  11:04  Orbital Command  
  85  11:12  Marine x8, Marauder  
  85  11:13  Marine, Marauder, SCV x2  
  100  11:23  Marine  
  101  11:26  SCV  
  101  11:27  Siege Tank, SCV  
  101  11:28  Factory Reactor  
  101  11:29  Marine x5  
  101  11:30  Infernal Pre-Igniter  
  111  11:35  Marine x3  
  111  11:36  Marauder  
  116  11:41  Marine  
  116  11:44  Marine  
  116  11:45  Marine  
  112  11:54  Marine x4  
  103  11:57  Marauder  
  103  12:01  Missile Turret  
  109  12:02  SCV x2, Missile Turret x2  
  109  12:03  SCV, Missile Turret  
  109  12:06  Medivac  
  105  12:10  Refinery, Missile Turret  
  105  12:16  Missile Turret  
  105  12:18  Missile Turret  
  104  12:25  Liberator  
  104  12:27  Barracks Tech Lab  
  104  12:28  Marine x2  
  104  12:29  Marine  
  107  12:30  Missile Turret  
  107  12:31  Medivac  
  112  12:50  SCV x2  
  113  12:55  Marine  
  113  12:56  Marine x2  
  116  13:04  Liberator  
  116  13:08  Terran Infantry Armor Level 1  
  115  13:25  Medivac  
  62  13:35  Marine x2  
  62  13:36  Marauder  
  62  13:37  Marine x2, Marauder  
  63  13:58  Marine  
  63  13:59  Marine x6  
  70  14:07  Orbital Command  
  54  14:17  Supply Depot  
  54  14:19  Marine  
  54  14:20  Marine x3  
  54  14:21  Marine x2  
  57  14:42  Medivac x2  
  60  14:55  SCV x2  
  60  14:56  SCV  
Tags
 
Add a new tag
Caveats
  • Supply blocks, unpowered buildings, or Contaminate may cause inaccurate times.
  • Supply counts are checked every 10 seconds.